 Dungeon Crawl Stone Soup version 0.30-a0-368-g86fb4627a9 (webtiles) character file.

Game seed: 12902756748660857201

3427 oldriver the Thaumaturge (level 9, -11/76 HPs)
             Began as a Mummy Necromancer on Nov 19, 2022.
             Mangled by a death yak (14 damage)
             ... on level 7 of the Dungeon.
             The game lasted 00:12:25 (10906 turns).

oldriver the Thaumaturge (Mummy Necromancer)       Turns: 10906, Time: 00:12:25

Health: -11/76     AC:  8    Str: 11    XL:     9   Next: 76%
Magic:  1/24       EV: 11    Int: 18    God:
Gold:   420        SH:  0    Dex: 13    Spells: 23/31 levels left

rFire   x . .      SeeInvis +    o - +5 trident (chaos)
rCold   + . .      Faith    +    (no shield)
rNeg    + + +      Spirit   .    q - +3 leather armour
rPois   ∞          Reflect  .    r - +0 helmet
rElec   .          Harm     .    h - +0 cloak
rCorr   .          Rampage  .    (no gloves)
Will    +....                    (no boots)
Stlth   ++........               (no amulet)
HPRegen 0.32/turn                c - ring of wizardry
MPRegen 0.19/turn                d - ring of see invisible

@: studying Long Blades
A: cold resistance 1, negative energy resistance 3, torment resistance 2, heat
vulnerability 1, in touch with death 1, no potions, faith
a: no special abilities


You were on level 7 of the Dungeon.
You visited 2 branches of the dungeon, and saw 9 of its levels.
You also visited: Sewer.

You collected 482 gold pieces.
You spent 62 gold pieces at shops.

Inventory:

Hand Weapons
 o - a +5 trident of chaos (weapon)
Armour
 h - a +0 cloak (worn)
 q - a +3 leather armour (worn)
 r - a +0 helmet (worn)
Jewellery
 c - a ring of wizardry (left hand)
 d - a ring of see invisible (right hand)
 s - a ring of flight
Wands
 j - a wand of digging (4)
 l - a wand of polymorph (8)
 p - a wand of charming (19)
Scrolls
 a - 4 scrolls of amnesia
 b - a scroll of poison
 f - a scroll of teleportation
 g - a scroll of fog
 i - 2 scrolls of noise
 k - 3 scrolls of identify
 m - 2 scrolls of torment


   Skills:
 + Level 9.3 Fighting
 - Level 3.0 Polearms
 - Level 1.5 Dodging
 - Level 1.5 Stealth
 + Level 11.7 Spellcasting
 - Level 4.0 Necromancy


You had 23 spell levels left.
You knew the following spells:

 Your Spells              Type           Power      Damage    Failure   Level
a - Necrotise             Necr           100%       1d9       1%          1
b - Vampiric Draining     Necr           37%        2d8       1%          3
c - Animate Dead          Necr           37%        N/A       7%          4

Your spell library contained the following spells:

 Spells                   Type           Power      Damage    Failure   Level
 Apportation              Tloc           20%        N/A       3%          1
 Freeze                   Ice            40%        1d6       3%          1
 Shock                    Conj/Air       40%        1d5       3%          1
 Summon Small Mammal      Summ           40%        N/A       3%          1
 Cigotuvi's Dreadful Rot  Necr/Pois/Air  46%        N/A       3%          2
 Poisonous Vapours        Pois/Air       20%        N/A       5%          2
 Frozen Ramparts          Ice            20%        1d4       11%         3
 Gell's Gravitas          Tloc           10%        N/A       11%         3
 Hailstorm                Conj/Ice       10%        3d5       11%         3
 Inner Flame              Hex/Fire       10%        N/A       11%         3
 Mephitic Cloud           Conj/Pois/Air  10%        N/A       11%         3
 Swiftness                Air            10%        N/A       11%         3
 Teleport Other           Tloc           10%        N/A       11%         3
 Agony                    Necr           37%        N/A       19%         5
 Airstrike                Air            5%         2d(1-17)  32%         4
 Cause Fear               Hex            5%         N/A       32%         4
 Dispersal                Tloc           5%         N/A       99%         6
 Discord                  Hex            5%         N/A       100%        8
 Chain Lightning          Conj/Air       5%         3d6       100%        9
 Fire Storm               Conj/Fire      5%         8d1       100%        9
 Shatter                  Erth           5%         3d8*      100%        9


Dungeon Overview and Level Annotations

Branches:
Dungeon (8/15)             Temple (1/1) D:7            Lair (0/5) D:8
  Sewer (visited)

Altars:
Ashenzari
Cheibriados
Dithmenos
Fedhas
Gozag
Kikubaaqudgha
Makhleb
Okawaru
Qazlal
Ru
Sif Muna
Trog
Vehumet
Wu Jian
Xom
Yredelemnul

Shops:
D:7 *

Annotations:
D:3 1 runed translucent door, Crazy Yiuf
D:4 1 runed translucent door
D:8 Amaemon


Innate Abilities, Weirdness & Mutations

You are immune to poison.
Your flesh is cold resistant. (rC+)
You are immune to negative energy. (rN+++)
You are immune to unholy pain and torment.
You are vulnerable to heat. (rF-)
You are in touch with the powers of death.
You do not drink.
You have a special connection with the divine. (Faith)


Message History

Casting: Vampiric Draining (safe; 1% risk of failure)
Confirm with . or Enter, or press ? or * to list all spells.
Aiming: Vampiric Draining (safe; 1% risk of failure)
Press: ? - help, Shift-Dir - straight line, f/p - death yak
Aim: a death yak (severely wounded, slightly transparent)
You feel a surge of power!
You draw life force from the death yak!
You feel life coursing into your body. The death yak gores you!!
Unknown command.
You puncture the death yak! You burn the death yak.
The death yak is almost dead.
The death yak gores you!
* * * LOW HITPOINT WARNING * * *
Casting: Vampiric Draining (safe; 1% risk of failure)
Confirm with . or Enter, or press ? or * to list all spells.
Aiming: Necrotise (safe; 1% risk of failure)
Press: ? - help, Shift-Dir - straight line, f/p - death yak
Aim: a death yak (almost dead, slightly transparent, chance to affect: 20%)
You feel a surge of power!
The death yak resists with almost no effort.
The death yak gores you but does no damage.
Unknown command.
Casting: Necrotise (safe; 1% risk of failure)
Confirm with . or Enter, or press ? or * to list all spells.
Aiming: Necrotise (safe; 1% risk of failure)
Press: ? - help, Shift-Dir - straight line, f/p - death yak
Aim: a death yak (almost dead, slightly transparent, chance to affect: 20%)
You feel a surge of power!
The death yak resists with almost no effort.
The death yak gores you but does no damage.
Unknown command.
You barely miss the death yak.
The death yak is almost dead.
The death yak gores you!
* * * LOW HITPOINT WARNING * * *
The death yak gores you.
* * * LOW HITPOINT WARNING * * *
You hit the death yak but do no damage.
The death yak is almost dead.
The death yak gores you!
You die...

# #..## # #..#
##### #..#
###...### ##.#
##.......## #.#
#.........###.##
#.......<..##..#
##.....!.....#..#
#.....>.....Y@..#
#........)......#
#...............##
#
##...............##
#
###..............#
## ###............#
.# ###..........#
.## ###.......##
..# ######..#


You could see a death yak (invisible).

Vanquished Creatures
  Pikel (D:5)
  Grinder (D:4)
  Prince Ribbit (D:7)
  Eustachio (D:4)
  Menkaure (D:4)
  Edmund (D:5)
  4 water moccasins
  An ogre (D:7)
  5 centaurs
  A phantom (D:5)
  3 kobold brigands
  A bullfrog (D:7)
  A gnoll sergeant (D:6)
  6 scorpions
  A howler monkey (D:6)
  2 hounds (D:4)
  A jelly (D:5)
  Jessica (D:3)
  Ijyb (D:3)
  An iguana (D:4)
  Terence (D:3)
  Robin (D:3)
  5 gnolls (D:6)
  2 river rats (Sewer)
  9 adders
  A white imp (D:6)
  4 worms
  4 dart slugs
  2 orcs
  8 bats
  10 endoplasms
  6 giant cockroaches
  7 hobgoblins
  7 jackals
  13 kobolds
  7 quokkas
  14 ball pythons
  5 frilled lizards
  17 goblins
  6 rats
164 creatures vanquished.

Vanquished Creatures (collateral kills)
  An endoplasm (D:3)
  2 hobgoblins
  A jackal (D:1)
  2 ball pythons
  A frilled lizard (Sewer)
  2 rats
9 creatures vanquished.

Vanquished Creatures (others)
  8 plants
8 creatures vanquished.

Grand Total: 181 creatures vanquished

Notes
Turn   | Place    | Note
-------+----------+-------------------------------------------
     0 | D:1      | oldriver the Mummy Necromancer began the quest for the Orb.
     0 | D:1      | Reached XP level 1. HP: 13/13 MP: 4/4
    95 | D:1      | Reached skill level 3 in Spellcasting
   212 | D:1      | Reached skill level 1 in Fighting
   239 | D:1      | Reached XP level 2. HP: 21/21 MP: 3/6
   708 | D:1      | Gained mutation: You are in touch with the powers of death.
                  | [Mummy growth]
   708 | D:1      | Reached XP level 3. HP: 23/27 MP: 2/8
  1124 | D:1      | Reached skill level 4 in Spellcasting
  1163 | D:1      | Learned a level 3 spell: Vampiric Draining
  1885 | D:2      | Reached XP level 4. HP: 34/34 MP: 8/10
  1912 | D:2      | Found a faded altar of an unknown god.
  2008 | D:2      | Learned a level 4 spell: Animate Dead
  2582 | D:3      | Found a glowing drain.
  2612 | Sewer    | Entered a sewer
  2698 | Sewer    | Noticed a kobold brigand
  3045 | Sewer    | Killed a kobold brigand
  3046 | Sewer    | Reached skill level 5 in Spellcasting
  3046 | Sewer    | Reached XP level 5. HP: 3/41 MP: 0/12
  3640 | Sewer    | Reached XP level 6. HP: 45/48 MP: 3/14
  4013 | D:3      | Noticed Terence
  4018 | D:3      | Killed Terence
  4247 | D:3      | Noticed Jessica
  4257 | D:3      | Killed Jessica
  4258 | D:3      | Reached skill level 6 in Spellcasting
  4614 | D:3      | Noticed Ijyb
  4620 | D:3      | Killed Ijyb
  4694 | D:3      | Found a shadowy altar of Dithmenos.
  4728 | D:3      | Found a runed translucent door.
  4729 | D:3      | Noticed Crazy Yiuf
  5189 | D:4      | Noticed Menkaure
  5205 | D:4      | Killed Menkaure
  5508 | D:4      | Noticed Grinder
  5514 | D:4      | Paralysed by Grinder for 5 turns
  5526 | D:4      | Paralysed by Grinder for 2 turns
  5536 | D:4      | Paralysed by Grinder for 3 turns
  5541 | D:4      | Killed Grinder
  5542 | D:4      | Reached skill level 5 in Fighting
  5542 | D:4      | Reached skill level 7 in Spellcasting
  5542 | D:4      | Reached XP level 7. HP: 16/56 MP: 15/17
  5850 | D:4      | Noticed Robin
  6010 | D:3      | Killed Robin
  6268 | D:4      | Reached skill level 1 in Polearms
  6341 | D:4      | Found a runed translucent door.
  6341 | D:4      | Noticed a human
  6345 | D:4      | Found a basalt altar of Yredelemnul.
  6391 | D:4      | Noticed Eustachio
  6403 | D:4      | Killed Eustachio
  6408 | D:4      | Reached skill level 8 in Spellcasting
  6411 | D:4      | Reached XP level 8. HP: 64/64 MP: 0/20
  6959 | D:5      | Entered Level 5 of the Dungeon
  7123 | D:5      | Noticed Pikel
  7145 | D:5      | Killed Pikel
  7146 | D:5      | Reached skill level 9 in Spellcasting
  7385 | D:5      | Noticed Edmund
  7406 | D:5      | Killed Edmund
  7857 | D:6      | Reached XP level 9. HP: 72/72 MP: 18/22
  8028 | D:6      | Reached skill level 10 in Spellcasting
  9042 | D:6      | Found a blossoming altar of Fedhas.
  9216 | D:7      | Reached skill level 11 in Spellcasting
  9367 | D:7      | Found Poolut's Assorted Antiques.
  9374 | D:7      | Bought a scroll labelled CYRRIF HIHUCO for 31 gold pieces
  9374 | D:7      | Bought a scroll labelled ZYHAIL HENUIM for 31 gold pieces
  9377 | D:7      | Found a staircase to the Ecumenical Temple.
  9480 | D:7      | Noticed Prince Ribbit
  9489 | D:7      | Killed Prince Ribbit
  9632 | D:7      | Found a snail-covered altar of Cheibriados.
  9675 | Temple   | Entered the Ecumenical Temple
 10554 | D:8      | Found a staircase to the Lair.
 10554 | D:8      | Noticed a death yak
 10555 | D:8      | Noticed an orange demon
 10555 | D:8      | Noticed a death yak
 10556 | D:8      | Noticed a death yak
 10557 | D:8      | Noticed Amaemon
 10905 | D:7      | HP: 2/76 [death yak (4)]
 10906 | D:7      | Mangled by a death yak

Illustrated notes

Levels and vault maps discovered:
D:1:      lightli_arrival_farm, layout_loops_ring, minmay_hexomino_c4
D:2:      layout_basic, basic_ecumenical_altar
D:3:      layout_basic, mainiacjoe_overflow_surrounded_room,
          grunt_dithmenos_smoke, cheibrodos_sewer_entry_sluice,
          grunt_decor_arrowhead, minmay_box_of_dots, uniq_crazy_yiuf_cottage,
          uniq_jessica, uniq_terence, uniq_ijyb
D:4:      layout_loops_cross, dk_yredelemnul_ordeal,
          nicolae_kite_square_tiling_tiny, uniq_robin, uniq_eustachio,
          uniq_grinder, uniq_menkaure
D:5:      layout_rooms, uniq_pikel, uniq_edmund
D:6:      layout_loops_cross, fedhas_altar_1, minmay_manual_mares
D:7:      layout_cave_pods, cheibrodos_worm_habitat, minmay_temple_entry_trees,
          serial_shops, nicolae_shop_overgrown_old_shop, uniq_prince_ribbit1
D:8:      minmay_klotski, layout_loops_cross, dancing_weapons_uskayaw,
          mainiacjoe_overflow_small_starburst, tso_metal_star,
          dpeg_lair_monsters, serial_shops, nicolae_shop_advertising_works
          [nicolae_subvault_shop_adworks], shop, nicolae_inconvenience_store,
          minmay_misc_feat_x, uniq_maurice, uniq_amaemon
Temple:   oiseaux_autumnal_temple

Skill      XL: |  1  2  3  4  5  6  7  8  9 |
---------------+----------------------------+-----
Spellcasting   | 3 4 5 7 8 9 11 | 11.7
Fighting       | 1 2 3 4 5 6 7 9 |  9.3
Polearms       | 1 3 |  3.0
Dodging        | |  1.5
Stealth        | |  1.5
Necromancy     | |  4.0

Action                   |  1- 3 |  4- 6 |  7- 9 || total
-------------------------+-------+-------+-------++-------
Melee: Unarmed           |    27 |       |       ||    27
       Short sword       |     9 |    29 |       ||    38
       Punch             |     1 |     1 |     1 ||     3
       Trident           |       |    43 |   113 ||   156
 Cast: Necrotise         |    85 |    91 |   115 ||   291
       Vampiric Draining |       |     3 |    66 ||    69
  Use: Scroll            |       |     2 |    14 ||    16
Armor: Robe              |     2 |       |       ||     2
       Leather armour    |    27 |    29 |   119 ||   175
Dodge: Dodged            |    58 |    61 |   137 ||   256

Table legend: (Time is in decaauts)
 A = Elapsed time spent in this place.
 B = Non-inter-level travel time spent in this place.
 C = Inter-level travel time spent in this place.
 D = Time resting spent in this place.
 E = Time spent auto-exploring this place.
 F = Levels seen in this place.
 G = Mean time per level.
                   A        B        C        D        E       F      G
               +--------+--------+--------+--------+--------+-----+--------+
         Total |  11138 |  10524 |    614 |   1838 |   7145 |  10 | 1113.8 |
       Dungeon |   9381 |   8802 |    579 |   1247 |   6247 |   8 | 1172.6 |
        Temple |    291 |    256 |     35 |      0 |    244 |   1 |  291.0 |
         Sewer |   1466 |   1466 |      0 |    591 |    652 |   1 | 1466.0 |
               +--------+--------+--------+--------+--------+-----+--------+

Top non-repeatable levels by time:
     D:3: 1661 daAuts
     D:1: 1604 daAuts
     D:4: 1473 daAuts
   Sewer: 1466 daAuts
     D:6: 1284 daAuts
     D:7: 1258 daAuts
     D:5: 1116 daAuts
     D:2: 953 daAuts
  Temple: 291 daAuts
     D:8: 28 daAuts
